 Dungeon Crawl Stone Soup version 0.31.0-12-g77e489cdc1 (webtiles) character file.

Game seed: 8862736818938623205

240 jagang the Trooper (level 6, -3/50 HPs)
             Began as a Human Monk on Mar 5, 2024.
             Slain by an orc
             ... wielding a +0 war axe
              (8 damage)
             ... on level 2 of the Dungeon.
             The game lasted 00:02:33 (1659 turns).

jagang the Trooper (Human Monk)                     Turns: 1659, Time: 00:02:33

Health: -3/50      AC:  9    Str: 12    XL:     6   Next: 8%
Magic:  6/6        EV:  7    Int: 10    God:
Gold:   122        SH:  0    Dex: 17    Spells: 5/5 levels left

rFire   . . .        a - +0 falchion
rCold   . . .        d - orb {light}
rNeg    . . .        g - +0 chain mail
rPois   .            (no helmet)
rElec   .            (no cloak)
rCorr   .            k - +0 pair of gloves
SInv    .            (no boots)
Will    .....        (no amulet) Stlth
                     (no ring)
HPRegen 0.28/turn    (no ring)
MPRegen 0.10/turn

%: no passive effects
@: glowing
A: explore regen
a: no special abilities


You were on level 2 of the Dungeon.
You visited 1 branch of the dungeon, and saw 3 of its levels.

You collected 122 gold pieces.

Inventory:

Hand Weapons
 a - a +0 falchion (weapon)
Missiles
 r - 3 poisoned darts (quivered)
Armour
 d - an orb of light (worn)
 g - a +0 chain mail (worn)
 k - a +0 pair of gloves (worn)
Scrolls
 i - a scroll of poison {unknown}
 j - a scroll of identify {unknown}
 l - a scroll of torment {unknown}
 n - a scroll of immolation {unknown}
 o - a scroll of silence {unknown}
Potions
 b - 2 potions of curing {unknown}
 c - 2 potions of ambrosia
 e - 2 potions of lignification {unknown}
 f - a potion of attraction {unknown}
 h - a potion of heal wounds {unknown}
 m - a potion of brilliance {unknown}
 p - a potion of cancellation {unknown}
 q - a potion of degeneration {unknown}


   Skills:
 * Level 4.8 Fighting
 * Level 4.7 Long Blades
 + Level 2.2 Armour
 - Level 3.0 Dodging


You had 5 spell levels left.
You didn't know any spells.
Your spell library contained the following spells:

 Spells                   Type           Power      Damage    Failure   Level
 Fugue of the Fallen      Necr           0%         N/A       100%        3
 Ozocubu's Armour         Ice            0%         N/A       100%        3
 Manifold Assault         Tloc           0%         N/A       100%        4


Dungeon Overview and Level Annotations

Branches:
Dungeon (3/15)

Altars:


Innate Abilities, Weirdness & Mutations

You regain HP and MP as you explore.


Message History

You hit the orc priest.
The orc priest is lightly wounded.
The orc hits you with a +0 dagger. The orc hits you with a +0 war axe.
The orc priest hits you but does no damage.
You slash the orc priest!
The orc priest is heavily wounded.
The orc barely misses you. The orc closely misses you.
The orc priest hits you but does no damage.
You completely miss the orc priest.
The orc priest is heavily wounded.
The orc hits you but does no damage. The orc barely misses you.
The orc priest completely misses you.
You hit the orc priest but do no damage.
The orc priest is heavily wounded.
The orc hits you with a +0 dagger. The orc hits you but does no damage.
The orc priest hits you but does no damage.
You hit the orc priest.
The orc priest is almost dead.
The orc hits you with a +0 dagger. The orc hits you but does no damage.
The orc priest hits you with a +0 short sword.
You hit the orc priest.
You kill the orc priest!
The orc hits you but does no damage. x2
You have reached level 6!
The orc hits you with a +0 war axe!
* * * LOW HITPOINT WARNING * * *
Things that are here:
a +0 short sword; a +0 scale mail You hit the orc.
You kill the orc!
The orc wizard casts a spell.
The orc wizard flickers and vanishes for a moment.
You barely miss the orc. The orc hits you with a +0 war axe.
* * * LOW HITPOINT WARNING * * *
You barely miss the orc. The orc hits you with a +0 war axe.
* * * LOW HITPOINT WARNING * * *
You hit the orc.
The orc is moderately wounded.
The orc hits you with a +0 war axe!
You die...

##.......##.....####..
#.........#...........
#.........#........)..
#.#######.#....)......
#.#######.#......)...)
###.รท.#.....#...........
#########.......####............
#..............## #.###....#...
#.+'+++.#.<####@# #.# #....##.#
#.+''++.#.....#o####.###....##)#
#.+'_++..##.#.#o................
#.+++''.......#.####.#...#####.#
#.+++''.......#.####.#.#.#####.#
##......####..#.#....#.#.##....#
#.............#.#.####.#..#.####
###.###.......#.#.##...#.##.####
#...........+.#.##.#......#...


You could see an orc wizard (invisible) and an orc.

Vanquished Creatures
  Sigmund (D:2)
  An orc priest (D:2)
  An adder (D:2)
  2 ribbon worms (D:2)
  A dart slug (D:1)
  An orc (D:2)
  2 bats
  5 endoplasms
  A giant cockroach (D:1)
  3 hobgoblins (D:1)
  3 jackals (D:1)
  2 kobolds
  3 quokkas
  A ball python (D:2)
  A frilled lizard (D:1)
  7 rats
35 creatures vanquished.

Notes
Turn   | Place    | Note
-------+----------+-------------------------------------------
     0 | D:1      | jagang the Human Monk began the quest for the Orb.
     0 | D:1      | Reached XP level 1. HP: 18/18 MP: 1/1
   145 | D:1      | Reached XP level 2. HP: 19/24 MP: 2/2
   470 | D:1      | Reached XP level 3. HP: 25/29 MP: 3/3
   906 | D:2      | Noticed Sigmund
   914 | D:2      | Killed Sigmund
   915 | D:2      | Reached XP level 4. HP: 29/38 MP: 4/4
   915 | D:2      | Reached XP level 5. HP: 33/43 MP: 5/5
  1303 | D:2      | Found a faded altar of an unknown god.
  1654 | D:2      | Reached XP level 6. HP: 15/49 MP: 6/6
  1659 | D:2      | Slain by an orc

Illustrated notes

Levels and vault maps discovered:
D:1:      lemuel_arrival_tunnels, layout_basic, wad_woods_river_04
D:2:      layout_basic, hellmonk_ecumenical_altar_heavens_door, uniq_sigmund
D:3:      cheibrodos_thug_alley, layout_basic, demons_altar, uniq_robin

Skill      XL: |  1  2  3 |
---------------+----------+-----
Fighting       | 4 |  4.8
Long Blades    | 4 |  4.7
Armour         | 2 |  2.2
Dodging        | |  3.0

Action                     |  1- 3 |  4- 6 || total
---------------------------+-------+-------++-------
  Melee: Falchion          |    58 |    47 ||   105
 Armour: Robe              |     8 |       ||     8
         Chain mail        |    38 |    61 ||    99
  Dodge: Dodged            |    22 |    18 ||    40
